Harfangs vs Griffins
(R1)
Created - February 7, 2020 at 20:30
Goals
|
| Harfangs |
1 |
3 |
0 |
4 |
| Griffins |
1 |
4 |
4 |
9 |
|
Shots
|
| Harfangs |
19 |
14 |
7 |
40 |
| Griffins |
7 |
16 |
11 |
34 |
|
1st period
1. Harfangs , Tyler Randell 19 (Michael Bournival 38, Tyler Brenner 21) at 5:36
2. Griffins , Pavel Buchnevich 12 (Tye McGinn 30, Haydn Fleury 1) at 5:46
Penalties :
Anton Slepyshev (Cap) for Roughing (Minor) at 11:52, Anton Slepyshev (Cap) for Tripping (Minor) at 16:01, Tye McGinn (Cap) for Roughing (Minor) at 19:08
2nd period
3. Harfangs , Brandon McMillan 21 (Calle Jarnkrok 41, Reid McNeill 21) at 0:42 (PP)
4. Harfangs , Brandon McMillan 22 (Calle Jarnkrok 42) at 1:14
5. Griffins , Dylan Larkin 20 (Phil Oreskovic 8) at 4:46
6. Harfangs , Tyler Brenner 25 (Tyler Randell 42) at 6:18 (PP)
7. Griffins , Pavel Buchnevich 13 (Tye McGinn 31, Simon Despres 17) at 8:10 (PP)
8. Griffins , Brandon Pirri 14 (Anton Slepyshev 21, Phil Oreskovic 9) at 10:37
9. Griffins , Dylan Larkin 21 (Ben Hanowski 20, Marcus Pettersson 10) at 11:12
Penalties :
Tye McGinn (Cap) for Cross-checking (Minor) at 5:18, Reid McNeill (BEA) for Hooking (Minor) at 6:44, Anton Slepyshev (Cap) for Hooking (Minor) at 8:32, Nicholas Baptiste (Cap) for Boarding (Minor) at 15:06, Calle Jarnkrok (BEA) for Holding (Minor) at 18:56
3rd period
10. Griffins , Dylan Larkin 22 (Anton Slepyshev 22) at 0:52 (PP)
11. Griffins , Dylan Larkin 23 (Petter Granberg 12, Tye McGinn 32) at 4:55
12. Griffins , Sonny Milano 6 (Nathan Gerbe 18, Simon Despres 18) at 5:57
13. Griffins , Pavel Buchnevich 14 (Tye McGinn 33, Marko Dano 42) at 17:24 (PP)
Penalties :
Mirco Mueller (Cap) for Goalie Interference (Minor) at 7:22, Tyler Brenner (BEA) for Slashing (Minor) at 14:23, Nick Shore (BEA) for Unsportsmanlike conduct (Minor) at 17:19, Jake Dotchin (BEA) for Hooking (Minor) at 18:03
Goalie Stats
Anton Forsberg (BEA), 19 saves from 25 shots - (0.760), L, 15-11-2, 40:52 minutes
Ilya Sorokin (BEA), 6 saves from 9 shots - (0.667), 19:08 minutes
Olivier Roy (Cap), 36 saves from 40 shots - (0.900), W, 18-9-0, 60:00 minutes
Players Stats for Harfangs
Player Name G A P +/- PIM S H SB GA TA FO MP PP MP PK MP
------------------------------------------------------------------------------------
Anthony Angello 0 0 0 0 0 0 0 0 0 0 0/0 0:00 0:00 0:00
Brandon McMillan 2 0 2 0 0 5 3 0 1 1 0/1 16:41 5:24 0:00
Brendan Leipsic 0 0 0 0 0 0 0 0 0 0 0/0 0:20 0:02 0:00
Brenden Kichton 0 0 0 -1 0 1 0 0 0 0 0/0 7:40 0:00 0:00
Calle Jarnkrok 0 2 2 0 2 6 1 0 1 0 7/13 17:56 5:24 1:16
Cristoval Nieves 0 0 0 0 0 0 0 0 0 0 0/0 5:47 0:00 0:09
Devon Teows 0 0 0 -1 0 1 0 0 0 0 0/0 9:34 0:00 1:54
Dylan Olsen 0 0 0 -3 0 5 2 4 3 0 0/0 31:04 7:21 4:45
Erik Nystrom 0 0 0 -3 0 1 0 2 0 1 0/2 9:55 0:00 0:00
Jake Dotchin 0 0 0 0 2 0 2 0 0 1 0/0 20:09 5:08 1:31
JC Lipon 0 0 0 0 0 0 0 0 0 0 0/0 0:20 0:02 0:00
Justin Kirkland 0 0 0 0 0 0 0 0 0 0 0/0 0:00 0:00 0:00
Laurent Dauphin 0 0 0 0 0 0 0 0 0 0 0/0 1:35 0:00 1:35
Lucas Wallmarkk 0 0 0 0 0 0 0 0 0 0 0/0 0:20 0:02 0:00
Mark Alt 0 0 0 0 0 0 5 1 0 0 0/0 21:16 5:08 2:37
Michael Bournival 0 1 1 -1 0 7 2 1 0 0 2/2 25:02 7:03 4:58
Morgan Klimchuk 0 0 0 0 0 0 0 1 0 0 0/0 6:21 0:00 0:43
Nick Shore 0 0 0 -3 2 0 0 0 0 0 2/6 9:54 0:00 0:00
Nick Sorensen 0 0 0 0 0 0 0 0 0 0 0/0 5:11 0:00 0:00
Reid McNeill 0 1 1 -3 2 1 3 2 0 0 0/0 27:36 7:21 3:30
Rinat Valiev 0 0 0 0 0 0 0 0 0 0 0/0 2:39 0:00 0:27
Ryan Hartman 0 0 0 0 0 1 2 0 0 0 0/1 16:41 5:24 0:00
Sven Andrighetto 0 0 0 -3 0 1 1 0 0 2 0/0 9:55 0:00 0:00
Tyler Brenner 1 1 2 -1 2 3 4 0 0 0 14/33 21:35 7:03 1:05
Tyler Randell 1 1 2 -1 0 8 4 0 0 2 6/13 25:02 7:03 4:58
Players Stats for Griffins
Player Name G A P +/- PIM S H SB GA TA FO MP PP MP PK MP
------------------------------------------------------------------------------------
Anton Slepyshev 0 2 2 2 6 1 0 1 0 0 2/2 16:50 2:26 0:26
Ben Hanowski 0 1 1 1 0 3 1 0 0 2 0/1 19:35 2:26 3:42
Brandon Pirri 1 0 1 2 0 1 0 0 0 0 4/6 11:39 0:03 3:23
Brendan Woods 0 0 0 0 0 1 1 1 0 1 0/0 11:58 0:00 7:15
Dylan Larkin 4 0 4 1 0 7 2 0 0 0 11/16 15:53 2:26 0:00
Gord Baldwin 0 0 0 0 0 1 0 2 0 0 0/0 13:48 0:00 7:25
Haydn Fleury 0 1 1 1 0 1 1 3 0 0 0/0 23:26 0:00 7:24
Ian McCoshen 0 0 0 0 0 0 0 0 0 0 0/0 5:36 0:00 0:00
Marcus Pettersson 0 1 1 3 0 1 2 1 0 0 0/0 16:54 5:09 0:00
Marko Dano 0 1 1 1 0 4 3 0 0 0 15/34 22:35 4:53 4:17
Mirco Mueller 0 0 0 0 2 0 0 0 0 0 0/0 10:49 0:00 4:16
Nathan Gerbe 0 1 1 1 0 0 0 0 2 0 3/3 9:19 0:03 0:50
Nicholas Baptiste 0 0 0 0 2 1 2 0 0 0 0/0 4:40 0:03 0:00
Pavel Buchnevich 3 0 3 1 0 5 3 0 2 1 0/0 18:18 4:53 0:00
Petter Granberg 0 1 1 3 0 1 0 0 0 0 0/0 15:01 2:13 0:49
Phil Oreskovic 0 2 2 0 0 0 3 1 0 1 0/0 13:58 2:13 5:04
Rourke Chartier 0 0 0 0 0 0 0 0 0 0 2/2 4:36 0:00 0:00
Simon Despres 0 2 2 1 0 3 0 0 2 0 0/0 20:29 5:09 0:00
Sonny Milano 1 0 1 2 0 2 0 0 0 0 0/0 8:45 0:00 0:13
Tye McGinn 0 4 4 1 4 2 1 0 1 0 3/7 23:15 4:53 4:52
3 Stars
1 - Dylan Larkin (Cap)
2 - Pavel Buchnevich (Cap)
3 - Tye McGinn (Cap)
Power Play
Harfangs - 2 on 7 Attempt(s) - 28.57%
Griffins - 3 on 5 Attempt(s) - 60.00%
Penalty Kill
Harfangs - 2 on 5 Attempt(s) - 40.00%
- Score 0 goal in Penalty Kill
Griffins - 5 on 7 Attempt(s) - 71.43%
- Score 0 goal in Penalty Kill
Team Stat
Harfangs - Hits : 29 - Faceoff Wins : 31 - Blocked Shots : 11 - Penalty Minutes : 10
Griffins - Hits : 19 - Faceoff Wins : 40 - Blocked Shots : 9 - Penalty Minutes : 14
Official
Referees : Unknown
Linesman : Unknown
Game Notes
Dylan Larkin has scored a Hat Trick!
Ilya Sorokin enters game at 0:52 of 3rd period
Pavel Buchnevich has scored a Hat Trick!
Finance
Level 1 -- Attendance: 1581 (79.05%) -- Ticket Income $55,335
Level 2 -- Attendance: 700 (70.00%) -- Ticket Income $14,000
Total Attendance: 2281 (76.03%)
Total Ticket Income: $69,335
Other Income: $3,467
Total Income: $72,802
Harfangs
5 vs 5 Forward
Center Left Wing Right Wing Time % Phy DF OF
1 Tyler Brenner Michael Bournival Tyler Randell 40 1 2 2
2 Calle Jarnkrok Brandon McMillan Ryan Hartman 30 1 2 2
3 Nick Shore Erik Nystrom Sven Andrighetto 20 1 2 2
4 Cristoval Nieves Morgan Klimchuk Nick Sorensen 10 1 2 2
5 vs 5 Defense
Defense Defense Time % Phy DF OF
1 Dylan Olsen Reid McNeill 40 1 2 2
2 Jake Dotchin Mark Alt 30 1 2 2
3 Brenden Kichton Devon Teows 20 1 2 2
4 Rinat Valiev Dylan Olsen 10 1 2 2
PowerPlay Forward
Center Left Wing Right Wing Time % Phy DF OF
1 Tyler Brenner Michael Bournival Tyler Randell 60 1 2 2
2 Calle Jarnkrok Brandon McMillan Ryan Hartman 40 1 2 2
PowerPlay Defense
Defense Defense Time % Phy DF OF
1 Dylan Olsen Reid McNeill 60 1 2 2
2 Jake Dotchin Mark Alt 40 1 2 2
Penalty Kill 4 Players Forward
Center Wing Time % Phy DF OF
1 Tyler Randell Michael Bournival 60 1 2 2
2 Tyler Brenner Calle Jarnkrok 40 1 2 2
Penalty Kill 4 Players Defense
Defense Defense Time % Phy DF OF
1 Dylan Olsen Reid McNeill 60 1 2 2
2 Jake Dotchin Mark Alt 40 1 2 2
Penalty Kill - 3 Players Forward
Forward Time % Phy DF OF
1 Tyler Randell 60 1 2 2
2 Michael Bournival 40 1 2 2
Penalty Kill - 3 Players Defense
Defense Defense Time % Phy DF OF
1 Dylan Olsen Reid McNeill 60 1 2 2
2 Jake Dotchin Mark Alt 40 1 2 2
4 vs 4 Forward
Center Wing Time % Phy DF OF
1 Tyler Randell Michael Bournival 60 1 2 2
2 Tyler Brenner Calle Jarnkrok 40 1 2 2
4 vs 4 Defense
Defense Defense Time % Phy DF OF
1 Dylan Olsen Reid McNeill 60 1 2 2
2 Jake Dotchin Mark Alt 40 1 2 2
Last Minutes Offensive
Center Left Wing Right Wing Defense Defense
Tyler Brenner Michael Bournival Tyler Randell Dylan Olsen Reid McNeill
Last Minutes Defensive
Center Left Wing Right Wing Defense Defense
Tyler Brenner Michael Bournival Tyler Randell Dylan Olsen Reid McNeill
Goaltenders
Starting : Anton Forsberg
Backup : Ilya Sorokin
Extra Forwards
Normal : Brendan Leipsic, Lucas Wallmarkk, Laurent Dauphin - PP : Brendan Leipsic, Lucas Wallmarkk - PK : Laurent Dauphin
Extra Defensemen
Normal : Brenden Kichton, Devon Teows, Rinat Valiev - PP : Brenden Kichton - PK : Devon Teows, Rinat Valiev
Penalty Shots
Tyler Randell, Michael Bournival, Tyler Brenner, Calle Jarnkrok, Brandon McMillan
Scratches
Blake Heinrich (Left Eye Injury), Victor Bartley (Right Leg Injury), Jason Kasdorf (Healthy), Mark Visentin (Healthy), Scott Wedgewood (Healthy)
Zachary Fucale (Healthy)
Griffins
5 vs 5 Forward
Center Left Wing Right Wing Time % Phy DF OF
1 Marko Dano Tye McGinn Pavel Buchnevich 38 0 2 3
2 Dylan Larkin Anton Slepyshev Ben Hanowski 35 0 2 3
3 Nathan Gerbe Sonny Milano Brandon Pirri 17 0 2 3
4 Rourke Chartier Brendan Woods Nicholas Baptiste 10 0 2 3
5 vs 5 Defense
Defense Defense Time % Phy DF OF
1 Simon Despres Haydn Fleury 40 0 3 2
2 Marcus Pettersson Petter Granberg 30 0 3 2
3 Phil Oreskovic Mirco Mueller 15 0 3 2
4 Ian McCoshen Gord Baldwin 15 0 3 2
PowerPlay Forward
Center Left Wing Right Wing Time % Phy DF OF
1 Marko Dano Tye McGinn Pavel Buchnevich 60 0 1 4
2 Dylan Larkin Anton Slepyshev Ben Hanowski 40 0 1 4
PowerPlay Defense
Defense Defense Time % Phy DF OF
1 Simon Despres Marcus Pettersson 60 0 2 3
2 Phil Oreskovic Petter Granberg 40 0 2 3
Penalty Kill 4 Players Forward
Center Wing Time % Phy DF OF
1 Tye McGinn Brendan Woods 60 0 4 1
2 Marko Dano Ben Hanowski 40 0 4 1
Penalty Kill 4 Players Defense
Defense Defense Time % Phy DF OF
1 Gord Baldwin Haydn Fleury 60 1 2 2
2 Phil Oreskovic Mirco Mueller 40 1 2 2
Penalty Kill - 3 Players Forward
Forward Time % Phy DF OF
1 Brendan Woods 60 0 4 1
2 Ben Hanowski 40 0 4 1
Penalty Kill - 3 Players Defense
Defense Defense Time % Phy DF OF
1 Gord Baldwin Haydn Fleury 60 1 2 2
2 Phil Oreskovic Mirco Mueller 40 1 2 2
4 vs 4 Forward
Center Wing Time % Phy DF OF
1 Marko Dano Tye McGinn 60 0 2 3
2 Dylan Larkin Pavel Buchnevich 40 0 2 3
4 vs 4 Defense
Defense Defense Time % Phy DF OF
1 Gord Baldwin Petter Granberg 60 0 3 2
2 Marcus Pettersson Phil Oreskovic 40 0 3 2
Last Minutes Offensive
Center Left Wing Right Wing Defense Defense
Marko Dano Tye McGinn Pavel Buchnevich Marcus Pettersson Simon Despres
Last Minutes Defensive
Center Left Wing Right Wing Defense Defense
Marko Dano Brendan Woods Ben Hanowski Haydn Fleury Phil Oreskovic
Goaltenders
Starting : Olivier Roy
Backup : Jean-Francois Berube
Extra Forwards
Normal : Marko Dano, Dylan Larkin, Nathan Gerbe - PP : Nathan Gerbe, Brandon Pirri - PK : Brandon Pirri
Extra Defensemen
Normal : Simon Despres, Marcus Pettersson, Haydn Fleury - PP : Haydn Fleury - PK : Petter Granberg, Marcus Pettersson
Penalty Shots
Dylan Larkin, Nathan Gerbe, Rourke Chartier, Sonny Milano, Marko Dano
Scratches
Vladislav Namestnikov (Healthy), Garrett Wilson (Healthy), Tanner Kero (Healthy), Greg McKegg (Healthy), Konrad Abeltshauser (Healthy)
Tomas Hyka (Healthy), Michael Bunting (Healthy), Danny Kristo (Healthy), Ryan Mantha (Healthy), Jack Ramsey (Healthy)
Marcus Hogberg (Healthy), Hayden Hawkey (Healthy)
% Time on Ice - Harfangs
Lines # - Real PCT - Wanted PCT - Time Play
Normal Forward
1 - 34% - 40% - 13:46
2 - 28% - 30% - 11:17
3 - 25% - 20% - 9:55
4 - 13% - 10% - 5:11
Normal Defense
1 - 42% - 40% - 16:46
2 - 34% - 30% - 13:31
3 - 19% - 20% - 7:40
4 - 5% - 10% - 2:12
PP Forward
1 - 57% - 60% - 7:05
2 - 43% - 40% - 5:24
PP Defense
1 - 59% - 60% - 7:21
2 - 41% - 40% - 5:08
PK Forward
1 - 77% - 60% - 5:41
2 - 23% - 40% - 1:41
PK Defense
1 - 64% - 60% - 4:45
2 - 36% - 40% - 2:37
PK3 Forward
1 - 0% - 60%
2 - 0% - 40%
PK3 Defense
1 - 0% - 60%
2 - 0% - 40%
44 Forward
1 - 0% - 60%
2 - 0% - 40%
44 Defense
1 - 0% - 60%
2 - 0% - 40%
Last Minute Offensive - 0:00
Last Minute Defensive - 0:00
Total
Forward - 60:00
Defense - 60:00
|
% Time on Ice - Griffins
Lines # - Real PCT - Wanted PCT - Time Play
Normal Forward
1 - 35% - 38% - 14:01
2 - 33% - 35% - 13:27
3 - 20% - 17% - 8:05
4 - 11% - 10% - 4:36
Normal Defense
1 - 40% - 40% - 16:07
2 - 30% - 30% - 12:00
3 - 16% - 15% - 6:26
4 - 14% - 15% - 5:36
PP Forward
1 - 66% - 60% - 4:53
2 - 34% - 40% - 2:29
PP Defense
1 - 70% - 60% - 5:09
2 - 30% - 40% - 2:13
PK Forward
1 - 70% - 60% - 8:47
2 - 30% - 40% - 3:42
PK Defense
1 - 59% - 60% - 7:25
2 - 41% - 40% - 5:04
PK3 Forward
1 - 0% - 60%
2 - 0% - 40%
PK3 Defense
1 - 0% - 60%
2 - 0% - 40%
44 Forward
1 - 0% - 60%
2 - 0% - 40%
44 Defense
1 - 0% - 60%
2 - 0% - 40%
Last Minute Offensive - 0:00
Last Minute Defensive - 0:00
Total
Forward - 60:00
Defense - 60:00
|
Play-by-Play
1st period
0:01 of 1st period - Marko Dano wins face-off versus Tyler Brenner in neutral zone.
0:26 of 1st period - Ryan Hartman is hit by Haydn Fleury and loses puck.
0:56 of 1st period - Wrist shot by Nick Shore.
0:56 of 1st period - Shot Misses the Net.
0:58 of 1st period - Slapshot by Devon Teows.
0:58 of 1st period - Stopped by Olivier Roy with a rebound.
1:28 of 1st period - Mark Alt is hit by Pavel Buchnevich and loses puck.
1:37 of 1st period - Tye McGinn is hit by Mark Alt and loses puck.
1:50 of 1st period - Snap shot by Ben Hanowski.
1:50 of 1st period - Stopped by Anton Forsberg without a rebound.
1:51 of 1st period - Calle Jarnkrok wins face-off versus Dylan Larkin in Harfangs zone.
2:29 of 1st period - Wrist shot by Brandon McMillan.
2:29 of 1st period - Stopped by Olivier Roy with a rebound.
2:35 of 1st period - Wrist shot by Calle Jarnkrok.
2:35 of 1st period - Stopped by Olivier Roy without a rebound.
2:36 of 1st period - Tyler Brenner wins face-off versus Dylan Larkin in Griffins zone.
2:51 of 1st period - Wrist shot by Tyler Randell.
2:51 of 1st period - Stopped by Olivier Roy with a rebound.
3:07 of 1st period - Snap shot by Nathan Gerbe.
3:07 of 1st period - Shot Misses the Net.
3:33 of 1st period - Jake Dotchin is hit by Marko Dano.
3:53 of 1st period - Slapshot by Nicholas Baptiste.
3:53 of 1st period - Stopped by Anton Forsberg without a rebound.
3:54 of 1st period - Dylan Larkin wins face-off versus Erik Nystrom in Harfangs zone.
5:22 of 1st period - Wrist shot by Tyler Randell.
5:22 of 1st period - Shot Misses the Net.
5:24 of 1st period - Backhand shot by Tyler Randell.
5:24 of 1st period - Shot Misses the Net.
5:30 of 1st period - Slapshot by Tyler Brenner.
5:30 of 1st period - Shot Misses the Net.
5:32 of 1st period - Wrist shot by Michael Bournival.
5:32 of 1st period - Deflect By Tyler Randell.
5:32 of 1st period - Stopped by Olivier Roy with a rebound.
5:34 of 1st period - Wrist shot by Michael Bournival.
5:34 of 1st period - Deflect By Tyler Randell.
5:34 of 1st period - Stopped by Olivier Roy with a rebound.
5:36 of 1st period - Wrist shot by Tyler Randell.
5:36 of 1st period - Goal by Tyler Randell - Harfangs : 1 - Griffins : 0.
5:37 of 1st period - Nick Shore wins face-off versus Marko Dano in neutral zone.
5:46 of 1st period - Wrist shot by Tye McGinn.
5:46 of 1st period - Deflect By Pavel Buchnevich.
5:46 of 1st period - Deflect By Erik Nystrom.
5:46 of 1st period - Goal by Pavel Buchnevich - Harfangs : 1 - Griffins : 1.
5:47 of 1st period - Calle Jarnkrok wins face-off versus Marko Dano in neutral zone.
5:51 of 1st period - Icing by Gord Baldwin.
5:52 of 1st period - Marko Dano wins face-off versus Calle Jarnkrok in Griffins zone.
6:19 of 1st period - Snap shot by Michael Bournival.
6:19 of 1st period - Stopped by Olivier Roy with a rebound.
6:21 of 1st period - Snap shot by Michael Bournival.
6:21 of 1st period - Stopped by Olivier Roy without a rebound.
6:22 of 1st period - Dylan Larkin wins face-off versus Tyler Brenner in Griffins zone.
7:11 of 1st period - Marko Dano is hit by Brandon McMillan and loses puck.
8:06 of 1st period - Icing by Gord Baldwin.
8:07 of 1st period - Dylan Larkin wins face-off versus Nick Shore in Griffins zone.
8:22 of 1st period - Slapshot by Pavel Buchnevich.
8:22 of 1st period - Shot Misses the Net.
8:32 of 1st period - Snap shot by Tyler Randell.
8:32 of 1st period - Stopped by Olivier Roy with a rebound.
8:38 of 1st period - Wrist shot by Michael Bournival.
8:38 of 1st period - Stopped by Olivier Roy without a rebound.
8:39 of 1st period - Dylan Larkin wins face-off versus Tyler Brenner in Griffins zone.
8:39 of 1st period - Dylan Larkin is hit by Michael Bournival.
8:53 of 1st period - Wrist shot by Tyler Randell.
8:53 of 1st period - Shot Blocked by Haydn Fleury.
9:16 of 1st period - Off-side.
9:17 of 1st period - Rourke Chartier wins face-off versus Tyler Brenner in neutral zone.
9:17 of 1st period - Nicholas Baptiste is hit by Tyler Brenner and loses puck.
9:21 of 1st period - Off-side.
9:22 of 1st period - Rourke Chartier wins face-off versus Tyler Brenner in neutral zone.
10:17 of 1st period - Dylan Olsen is hit by Marcus Pettersson and loses puck.
11:00 of 1st period - Wrist shot by Brandon McMillan.
11:00 of 1st period - Shot Misses the Net.
11:02 of 1st period - Snap shot by Brandon McMillan.
11:02 of 1st period - Stopped by Olivier Roy with a rebound.
11:04 of 1st period - Snap shot by Brandon McMillan.
11:04 of 1st period - Shot Misses the Net.
11:06 of 1st period - Snap shot by Calle Jarnkrok.
11:06 of 1st period - Stopped by Olivier Roy with a rebound.
11:22 of 1st period - Snap shot by Marko Dano.
11:22 of 1st period - Stopped by Anton Forsberg with a rebound.
11:24 of 1st period - Slapshot by Haydn Fleury.
11:24 of 1st period - Stopped by Anton Forsberg with a rebound.
11:40 of 1st period - Slapshot by Ben Hanowski.
11:40 of 1st period - Shot Blocked by Morgan Klimchuk.
11:52 of 1st period - Minor Penalty to Anton Slepyshev for Roughing.
11:53 of 1st period - Tyler Brenner wins face-off versus Tye McGinn in Griffins zone.
11:54 of 1st period - Backhand shot by Michael Bournival.
11:54 of 1st period - Shot Misses the Net.
11:56 of 1st period - Snap shot by Tyler Brenner.
11:56 of 1st period - Shot Misses the Net.
13:37 of 1st period - Ryan Hartman is hit by Phil Oreskovic and loses puck.
13:52 of 1st period - Penalty to Anton Slepyshev is over, Anton Slepyshev is back on ice.
14:04 of 1st period - Snap shot by Nathan Gerbe.
14:04 of 1st period - Shot Misses the Net.
15:03 of 1st period - Snap shot by Dylan Larkin.
15:03 of 1st period - Stopped by Anton Forsberg with a rebound.
15:25 of 1st period - Dylan Olsen is hit by Marko Dano and loses puck.
15:43 of 1st period - Nathan Gerbe is hit by Tyler Randell and loses puck.
15:58 of 1st period - Slapshot by Calle Jarnkrok.
15:58 of 1st period - Stopped by Olivier Roy without a rebound.
15:59 of 1st period - Dylan Larkin wins face-off versus Ryan Hartman in Griffins zone.
16:01 of 1st period - Minor Penalty to Anton Slepyshev for Tripping.
16:02 of 1st period - Tyler Brenner wins face-off versus Tye McGinn in Griffins zone.
16:04 of 1st period - Snap shot by Tyler Brenner.
16:04 of 1st period - Shot Misses the Net.
16:06 of 1st period - Slapshot by Dylan Olsen.
16:06 of 1st period - Stopped by Olivier Roy without a rebound.
16:07 of 1st period - Tye McGinn wins face-off versus Tyler Brenner in Griffins zone.
16:07 of 1st period - Tye McGinn is hit by Dylan Olsen.
16:59 of 1st period - Brendan Woods is hit by Tyler Randell and loses puck.
18:01 of 1st period - Penalty to Anton Slepyshev is over, Anton Slepyshev is back on ice.
18:05 of 1st period - Wrist shot by Marko Dano.
18:05 of 1st period - Stopped by Anton Forsberg without a rebound.
18:06 of 1st period - Dylan Larkin wins face-off versus Nick Shore in Harfangs zone.
18:09 of 1st period - Wrist shot by Dylan Larkin.
18:09 of 1st period - Shot Blocked by Erik Nystrom.
18:15 of 1st period - Nick Shore is hit by Ben Hanowski.
18:24 of 1st period - Nick Shore is hit by Dylan Larkin and loses puck.
18:36 of 1st period - Snap shot by Sven Andrighetto.
18:36 of 1st period - Shot Misses the Net.
18:38 of 1st period - Wrist shot by Erik Nystrom.
18:38 of 1st period - Stopped by Olivier Roy with a rebound.
18:40 of 1st period - Snap shot by Sven Andrighetto.
18:40 of 1st period - Shot Misses the Net.
18:44 of 1st period - Snap shot by Nick Shore.
18:44 of 1st period - Shot Misses the Net.
18:46 of 1st period - Slapshot by Brenden Kichton.
18:46 of 1st period - Deflect By Erik Nystrom.
18:46 of 1st period - Shot Blocked by Marcus Pettersson.
18:46 of 1st period - Puck is out of play.
18:47 of 1st period - Tyler Brenner wins face-off versus Marko Dano in Griffins zone.
18:54 of 1st period - Wrist shot by Tyler Randell.
18:54 of 1st period - Stopped by Olivier Roy with a rebound.
18:58 of 1st period - Snap shot by Michael Bournival.
18:58 of 1st period - Stopped by Olivier Roy with a rebound.
19:02 of 1st period - Snap shot by Tyler Randell.
19:02 of 1st period - Shot Misses the Net.
19:08 of 1st period - Minor Penalty to Tye McGinn for Roughing.
19:09 of 1st period - Brandon Pirri wins face-off versus Tyler Brenner in Griffins zone.
19:18 of 1st period - Snap shot by Michael Bournival.
19:18 of 1st period - Deflect By Tyler Randell.
19:18 of 1st period - Stopped by Olivier Roy with a rebound.
19:37 of 1st period - Off-side.
19:38 of 1st period - Nathan Gerbe wins face-off versus Calle Jarnkrok in neutral zone.
Goals for this period are 1 for Harfangs vs 1 for Griffins.
Shots for this period are 19 for Harfangs vs 7 for Griffins.
2nd period
0:01 of 2nd period - Brandon Pirri wins face-off versus Tyler Brenner in neutral zone.
0:06 of 2nd period - Snap shot by Brandon Pirri.
0:06 of 2nd period - Deflect By Brendan Woods.
0:06 of 2nd period - Shot Misses the Net.
0:06 of 2nd period - Puck is out of play.
0:07 of 2nd period - Brandon Pirri wins face-off versus Tyler Brenner in Harfangs zone.
0:40 of 2nd period - Snap shot by Calle Jarnkrok.
0:40 of 2nd period - Stopped by Olivier Roy with a rebound.
0:42 of 2nd period - Snap shot by Brandon McMillan.
0:42 of 2nd period - Goal by Brandon McMillan - Harfangs : 2 - Griffins : 1.
0:43 of 2nd period - Tyler Brenner wins face-off versus Marko Dano in neutral zone.
0:50 of 2nd period - Snap shot by Tyler Randell.
0:50 of 2nd period - Shot Misses the Net.
0:52 of 2nd period - Snap shot by Tyler Brenner.
0:52 of 2nd period - Shot Misses the Net.
0:54 of 2nd period - Slapshot by Reid McNeill.
0:54 of 2nd period - Stopped by Olivier Roy with a rebound.
1:14 of 2nd period - Snap shot by Brandon McMillan.
1:14 of 2nd period - Goal by Brandon McMillan - Harfangs : 3 - Griffins : 1.
1:15 of 2nd period - Marko Dano wins face-off versus Tyler Brenner in neutral zone.
1:46 of 2nd period - Snap shot by Calle Jarnkrok.
1:46 of 2nd period - Stopped by Olivier Roy with a rebound.
2:26 of 2nd period - Snap shot by Michael Bournival.
2:26 of 2nd period - Stopped by Olivier Roy without a rebound.
2:27 of 2nd period - Marko Dano wins face-off versus Tyler Brenner in Griffins zone.
2:34 of 2nd period - Snap shot by Pavel Buchnevich.
2:34 of 2nd period - Stopped by Anton Forsberg with a rebound.
2:36 of 2nd period - Slapshot by Petter Granberg.
2:36 of 2nd period - Stopped by Anton Forsberg without a rebound.
2:37 of 2nd period - Tyler Brenner wins face-off versus Marko Dano in Harfangs zone.
2:37 of 2nd period - Tyler Brenner is hit by Tye McGinn.
3:13 of 2nd period - Snap shot by Pavel Buchnevich.
3:13 of 2nd period - Stopped by Anton Forsberg without a rebound.
3:14 of 2nd period - Calle Jarnkrok wins face-off versus Dylan Larkin in Harfangs zone.
3:19 of 2nd period - Wrist shot by Ben Hanowski.
3:19 of 2nd period - Stopped by Anton Forsberg with a rebound.
3:21 of 2nd period - Slapshot by Haydn Fleury.
3:21 of 2nd period - Shot Blocked by Mark Alt.
3:23 of 2nd period - Snap shot by Ben Hanowski.
3:23 of 2nd period - Stopped by Anton Forsberg with a rebound.
3:25 of 2nd period - Slapshot by Simon Despres.
3:25 of 2nd period - Deflect By Anton Slepyshev.
3:25 of 2nd period - Stopped by Anton Forsberg without a rebound.
3:26 of 2nd period - Dylan Larkin wins face-off versus Brandon McMillan in Harfangs zone.
3:29 of 2nd period - Wrist shot by Dylan Larkin.
3:29 of 2nd period - Deflect By Anton Slepyshev.
3:29 of 2nd period - Shot Blocked by Dylan Olsen.
3:29 of 2nd period - Puck is out of play.
3:30 of 2nd period - Calle Jarnkrok wins face-off versus Dylan Larkin in Harfangs zone.
3:35 of 2nd period - Wrist shot by Anton Slepyshev.
3:35 of 2nd period - Shot Misses the Net.
3:37 of 2nd period - Backhand shot by Haydn Fleury.
3:37 of 2nd period - Shot Misses the Net.
3:39 of 2nd period - Wrist shot by Anton Slepyshev.
3:39 of 2nd period - Deflect By Dylan Larkin.
3:39 of 2nd period - Shot Blocked by Dylan Olsen.
3:39 of 2nd period - Puck is out of play.
3:40 of 2nd period - Michael Bournival wins face-off versus Marko Dano in Harfangs zone.
3:45 of 2nd period - Haydn Fleury is hit by Tyler Randell and loses puck.
4:06 of 2nd period - Haydn Fleury is hit by Mark Alt and loses puck.
4:15 of 2nd period - Snap shot by Anton Slepyshev.
4:15 of 2nd period - Deflect By Ben Hanowski.
4:15 of 2nd period - Shot Misses the Net.
4:15 of 2nd period - Puck is out of play.
4:16 of 2nd period - Marko Dano wins face-off versus Calle Jarnkrok in Harfangs zone.
4:29 of 2nd period - Snap shot by Brandon McMillan.
4:29 of 2nd period - Shot Misses the Net.
4:31 of 2nd period - Slapshot by Ryan Hartman.
4:31 of 2nd period - Shot Misses the Net.
4:41 of 2nd period - Tyler Randell is hit by Phil Oreskovic and loses puck.
4:46 of 2nd period - Snap shot by Dylan Larkin.
4:46 of 2nd period - Goal by Dylan Larkin - Harfangs : 3 - Griffins : 2.
4:47 of 2nd period - Anton Slepyshev wins face-off versus Tyler Brenner in neutral zone.
4:47 of 2nd period - Ben Hanowski is hit by Jake Dotchin and loses puck.
5:12 of 2nd period - Haydn Fleury is hit by Calle Jarnkrok and loses puck.
5:18 of 2nd period - Minor Penalty to Tye McGinn for Cross-checking.
5:19 of 2nd period - Tyler Brenner wins face-off versus Brandon Pirri in Griffins zone.
5:21 of 2nd period - Slapshot by Michael Bournival.
5:21 of 2nd period - Stopped by Olivier Roy with a rebound.
5:23 of 2nd period - Slapshot by Reid McNeill.
5:23 of 2nd period - Shot Blocked by Gord Baldwin.
5:25 of 2nd period - Snap shot by Michael Bournival.
5:25 of 2nd period - Shot Blocked by Brendan Woods.
5:27 of 2nd period - Slapshot by Dylan Olsen.
5:27 of 2nd period - Shot Blocked by Gord Baldwin.
5:29 of 2nd period - Slapshot by Dylan Olsen.
5:29 of 2nd period - Stopped by Olivier Roy without a rebound.
5:30 of 2nd period - Tyler Brenner wins face-off versus Brandon Pirri in Griffins zone.
5:41 of 2nd period - Snap shot by Tyler Brenner.
5:41 of 2nd period - Shot Misses the Net.
5:43 of 2nd period - Snap shot by Michael Bournival.
5:43 of 2nd period - Deflect By Tyler Brenner.
5:43 of 2nd period - Stopped by Olivier Roy without a rebound.
5:44 of 2nd period - Brandon Pirri wins face-off versus Tyler Brenner in Griffins zone.
5:53 of 2nd period - Snap shot by Brendan Woods.
5:53 of 2nd period - Shot Blocked by Reid McNeill.
6:18 of 2nd period - Snap shot by Tyler Brenner.
6:18 of 2nd period - Goal by Tyler Brenner - Harfangs : 4 - Griffins : 2.
6:19 of 2nd period - Marko Dano wins face-off versus Calle Jarnkrok in neutral zone.
6:24 of 2nd period - Calle Jarnkrok is hit by Pavel Buchnevich and loses puck.
6:44 of 2nd period - Minor Penalty to Reid McNeill for Hooking.
6:45 of 2nd period - Marko Dano wins face-off versus Tyler Randell in Harfangs zone.
6:45 of 2nd period - Snap shot by Pavel Buchnevich.
6:45 of 2nd period - Shot Blocked by Dylan Olsen.
6:49 of 2nd period - Snap shot by Marko Dano.
6:49 of 2nd period - Stopped by Anton Forsberg with a rebound.
6:51 of 2nd period - Snap shot by Tye McGinn.
6:51 of 2nd period - Shot Misses the Net.
6:53 of 2nd period - Wrist shot by Simon Despres.
6:53 of 2nd period - Stopped by Anton Forsberg without a rebound.
6:54 of 2nd period - Tyler Randell wins face-off versus Marko Dano in Harfangs zone.
6:54 of 2nd period - Tyler Randell is hit by Marko Dano.
7:16 of 2nd period - Backhand shot by Marko Dano.
7:16 of 2nd period - Stopped by Anton Forsberg with a rebound.
7:50 of 2nd period - Slapshot by Pavel Buchnevich.
7:50 of 2nd period - Shot Blocked by Michael Bournival.
8:06 of 2nd period - Slapshot by Simon Despres.
8:06 of 2nd period - Deflect By Tyler Brenner.
8:06 of 2nd period - Stopped by Anton Forsberg with a rebound.
8:08 of 2nd period - Snap shot by Tye McGinn.
8:08 of 2nd period - Shot Misses the Net.
8:10 of 2nd period - Wrist shot by Pavel Buchnevich.
8:10 of 2nd period - Goal by Pavel Buchnevich - Harfangs : 4 - Griffins : 3.
8:11 of 2nd period - Calle Jarnkrok wins face-off versus Dylan Larkin in neutral zone.
8:14 of 2nd period - Snap shot by Calle Jarnkrok.
8:14 of 2nd period - Shot Misses the Net.
8:18 of 2nd period - Snap shot by Brandon McMillan.
8:18 of 2nd period - Deflect By Ryan Hartman.
8:18 of 2nd period - Stopped by Olivier Roy with a rebound.
8:32 of 2nd period - Minor Penalty to Anton Slepyshev for Hooking.
8:33 of 2nd period - Tyler Brenner wins face-off versus Tye McGinn in Griffins zone.
9:05 of 2nd period - Snap shot by Calle Jarnkrok.
9:05 of 2nd period - Shot Blocked by Haydn Fleury.
9:07 of 2nd period - Slapshot by Jake Dotchin.
9:07 of 2nd period - Deflect By Calle Jarnkrok.
9:07 of 2nd period - Stopped by Olivier Roy with a rebound.
10:01 of 2nd period - Marko Dano is hit by Dylan Olsen and loses puck.
10:32 of 2nd period - Penalty to Anton Slepyshev is over, Anton Slepyshev is back on ice.
10:37 of 2nd period - Slapshot by Brandon Pirri.
10:37 of 2nd period - Goal by Brandon Pirri - Harfangs : 4 - Griffins : 4.
10:38 of 2nd period - Dylan Larkin wins face-off versus Erik Nystrom in neutral zone.
11:03 of 2nd period - Dylan Larkin is hit by Ryan Hartman and loses puck.
11:12 of 2nd period - Backhand shot by Dylan Larkin.
11:12 of 2nd period - Goal by Dylan Larkin - Harfangs : 4 - Griffins : 5.
11:13 of 2nd period - Tyler Brenner wins face-off versus Marko Dano in neutral zone.
11:16 of 2nd period - Marko Dano is hit by Tyler Brenner and loses puck.
11:23 of 2nd period - Snap shot by Michael Bournival.
11:23 of 2nd period - Stopped by Olivier Roy without a rebound.
11:24 of 2nd period - Marko Dano wins face-off versus Tyler Brenner in Griffins zone.
11:29 of 2nd period - Slapshot by Simon Despres.
11:29 of 2nd period - Shot Misses the Net.
11:31 of 2nd period - Slapshot by Haydn Fleury.
11:31 of 2nd period - Shot Blocked by Dylan Olsen.
12:10 of 2nd period - Snap shot by Dylan Larkin.
12:10 of 2nd period - Stopped by Anton Forsberg with a rebound.
12:31 of 2nd period - Cristoval Nieves is hit by Nicholas Baptiste and loses puck.
12:43 of 2nd period - Snap shot by Brendan Woods.
12:43 of 2nd period - Deflect By Rourke Chartier.
12:43 of 2nd period - Shot Misses the Net.
12:43 of 2nd period - Puck is out of play.
12:44 of 2nd period - Tyler Brenner wins face-off versus Marko Dano in Harfangs zone.
13:09 of 2nd period - Ben Hanowski is hit by Reid McNeill and loses puck.
13:30 of 2nd period - Ben Hanowski is hit by Mark Alt.
13:36 of 2nd period - Wrist shot by Dylan Larkin.
13:36 of 2nd period - Shot Misses the Net.
14:11 of 2nd period - Snap shot by Tyler Brenner.
14:11 of 2nd period - Stopped by Olivier Roy without a rebound.
14:12 of 2nd period - Marko Dano wins face-off versus Tyler Brenner in Griffins zone.
14:12 of 2nd period - Marko Dano is hit by Reid McNeill.
14:18 of 2nd period - Slapshot by Simon Despres.
14:18 of 2nd period - Stopped by Anton Forsberg with a rebound.
14:52 of 2nd period - Brandon Pirri is hit by Ryan Hartman and loses puck.
15:06 of 2nd period - Minor Penalty to Nicholas Baptiste for Boarding.
15:07 of 2nd period - Tye McGinn wins face-off versus Tyler Brenner in Griffins zone.
16:44 of 2nd period - Brandon McMillan is hit by Phil Oreskovic and loses puck.
17:06 of 2nd period - Penalty to Nicholas Baptiste is over, Nicholas Baptiste is back on ice.
17:58 of 2nd period - Off-side.
17:59 of 2nd period - Nathan Gerbe wins face-off versus Nick Shore in neutral zone.
18:10 of 2nd period - Sonny Milano is hit by Mark Alt and loses puck.
18:38 of 2nd period - Icing by Jake Dotchin.
18:39 of 2nd period - Calle Jarnkrok wins face-off versus Ben Hanowski in Harfangs zone.
18:56 of 2nd period - Minor Penalty to Calle Jarnkrok for Holding.
18:57 of 2nd period - Tyler Randell wins face-off versus Marko Dano in Harfangs zone.
19:33 of 2nd period - Slapshot by Phil Oreskovic.
19:33 of 2nd period - Shot Misses the Net.
19:40 of 2nd period - Icing by Phil Oreskovic.
19:41 of 2nd period - Dylan Larkin wins face-off versus Tyler Randell in Griffins zone.
Goals for this period are 3 for Harfangs vs 4 for Griffins.
Shots for this period are 14 for Harfangs vs 16 for Griffins.
3rd period
0:01 of 3rd period - Tyler Randell wins face-off versus Marko Dano in neutral zone.
0:12 of 3rd period - Slapshot by Simon Despres.
0:12 of 3rd period - Deflect By Marko Dano.
0:12 of 3rd period - Shot Misses the Net.
0:12 of 3rd period - Puck is out of play.
0:13 of 3rd period - Tyler Randell wins face-off versus Marko Dano in Harfangs zone.
0:50 of 3rd period - Snap shot by Dylan Larkin.
0:50 of 3rd period - Stopped by Anton Forsberg without a rebound.
0:51 of 3rd period - Anton Slepyshev wins face-off versus Tyler Randell in Harfangs zone.
0:52 of 3rd period - Wrist shot by Dylan Larkin.
0:52 of 3rd period - Goal by Dylan Larkin - Harfangs : 4 - Griffins : 6.
0:52 of 3rd period - Ilya Sorokin enters game.
0:53 of 3rd period - Michael Bournival wins face-off versus Marko Dano in neutral zone.
1:04 of 3rd period - Snap shot by Tyler Randell.
1:04 of 3rd period - Stopped by Olivier Roy without a rebound.
1:05 of 3rd period - Tyler Brenner wins face-off versus Marko Dano in Griffins zone.
1:54 of 3rd period - Backhand shot by Dylan Olsen.
1:54 of 3rd period - Stopped by Olivier Roy without a rebound.
1:55 of 3rd period - Nick Shore wins face-off versus Marko Dano in Griffins zone.
2:23 of 3rd period - Snap shot by Nick Shore.
2:23 of 3rd period - Shot Blocked by Anton Slepyshev.
2:25 of 3rd period - Slapshot by Brenden Kichton.
2:25 of 3rd period - Shot Misses the Net.
2:27 of 3rd period - Slapshot by Brenden Kichton.
2:27 of 3rd period - Stopped by Olivier Roy without a rebound.
2:28 of 3rd period - Tyler Brenner wins face-off versus Marko Dano in Griffins zone.
2:50 of 3rd period - Icing by Marko Dano.
2:51 of 3rd period - Calle Jarnkrok wins face-off versus Marko Dano in Griffins zone.
2:56 of 3rd period - Slapshot by Brandon McMillan.
2:56 of 3rd period - Stopped by Olivier Roy with a rebound.
2:58 of 3rd period - Snap shot by Ryan Hartman.
2:58 of 3rd period - Shot Misses the Net.
3:00 of 3rd period - Slapshot by Dylan Olsen.
3:00 of 3rd period - Stopped by Olivier Roy without a rebound.
3:01 of 3rd period - Dylan Larkin wins face-off versus Calle Jarnkrok in Griffins zone.
3:01 of 3rd period - Dylan Larkin is hit by Reid McNeill.
3:27 of 3rd period - Marko Dano is hit by Michael Bournival and loses puck.
4:55 of 3rd period - Snap shot by Dylan Larkin.
4:55 of 3rd period - Goal by Dylan Larkin - Harfangs : 4 - Griffins : 7.
4:56 of 3rd period - Marko Dano wins face-off versus Tyler Brenner in neutral zone.
5:07 of 3rd period - Tye McGinn is hit by Tyler Brenner and loses puck.
5:57 of 3rd period - Snap shot by Sonny Milano.
5:57 of 3rd period - Goal by Sonny Milano - Harfangs : 4 - Griffins : 8.
5:58 of 3rd period - Tye McGinn wins face-off versus Tyler Brenner in neutral zone.
7:09 of 3rd period - Brendan Woods is hit by Tyler Brenner and loses puck.
7:22 of 3rd period - Minor Penalty to Mirco Mueller for Goalie Interference.
7:23 of 3rd period - Tyler Brenner wins face-off versus Tye McGinn in Griffins zone.
7:28 of 3rd period - Snap shot by Tyler Randell.
7:28 of 3rd period - Shot Blocked by Haydn Fleury.
7:56 of 3rd period - Wrist shot by Calle Jarnkrok.
7:56 of 3rd period - Shot Misses the Net.
8:28 of 3rd period - Petter Granberg is hit by Jake Dotchin and loses puck.
8:41 of 3rd period - Anton Slepyshev is hit by Brandon McMillan and loses puck.
9:22 of 3rd period - Penalty to Mirco Mueller is over, Mirco Mueller is back on ice.
9:27 of 3rd period - Slapshot by Gord Baldwin.
9:27 of 3rd period - Stopped by Ilya Sorokin with a rebound.
9:55 of 3rd period - Wrist shot by Dylan Larkin.
9:55 of 3rd period - Shot Misses the Net.
9:57 of 3rd period - Snap shot by Gord Baldwin.
9:57 of 3rd period - Shot Misses the Net.
11:51 of 3rd period - Wrist shot by Pavel Buchnevich.
11:51 of 3rd period - Shot Misses the Net.
12:34 of 3rd period - Slapshot by Petter Granberg.
12:34 of 3rd period - Shot Misses the Net.
12:36 of 3rd period - Wrist shot by Brendan Woods.
12:36 of 3rd period - Stopped by Ilya Sorokin with a rebound.
13:41 of 3rd period - Dylan Olsen is hit by Brendan Woods.
13:45 of 3rd period - Brendan Woods is hit by Brandon McMillan and loses puck.
14:02 of 3rd period - Snap shot by Morgan Klimchuk.
14:02 of 3rd period - Shot Misses the Net.
14:23 of 3rd period - Minor Penalty to Tyler Brenner for Slashing.
14:24 of 3rd period - Marko Dano wins face-off versus Tyler Randell in Harfangs zone.
14:29 of 3rd period - Snap shot by Marko Dano.
14:29 of 3rd period - Deflect By Pavel Buchnevich.
14:29 of 3rd period - Shot Blocked by Reid McNeill.
14:29 of 3rd period - Puck is out of play.
14:30 of 3rd period - Tyler Randell wins face-off versus Marko Dano in Harfangs zone.
14:41 of 3rd period - Snap shot by Michael Bournival.
14:41 of 3rd period - Shot Misses the Net.
14:43 of 3rd period - Wrist shot by Dylan Olsen.
14:43 of 3rd period - Shot Blocked by Phil Oreskovic.
14:45 of 3rd period - Slapshot by Dylan Olsen.
14:45 of 3rd period - Stopped by Olivier Roy without a rebound.
14:46 of 3rd period - Marko Dano wins face-off versus Tyler Randell in Griffins zone.
15:11 of 3rd period - Michael Bournival is hit by Dylan Larkin.
15:21 of 3rd period - Reid McNeill is hit by Marcus Pettersson and loses puck.
15:52 of 3rd period - Mark Alt is hit by Pavel Buchnevich and loses puck.
16:23 of 3rd period - Penalty to Tyler Brenner is over, Tyler Brenner is back on ice.
16:31 of 3rd period - Cristoval Nieves is hit by Nicholas Baptiste.
16:59 of 3rd period - Wrist shot by Dylan Olsen.
16:59 of 3rd period - Deflect By Sven Andrighetto.
16:59 of 3rd period - Stopped by Olivier Roy without a rebound.
17:00 of 3rd period - Nathan Gerbe wins face-off versus Nick Shore in Griffins zone.
17:00 of 3rd period - Nathan Gerbe is hit by Sven Andrighetto.
17:12 of 3rd period - Wrist shot by Brandon Pirri.
17:12 of 3rd period - Shot Blocked by Erik Nystrom.
17:14 of 3rd period - Wrist shot by Sonny Milano.
17:14 of 3rd period - Stopped by Ilya Sorokin with a rebound.
17:19 of 3rd period - Minor Penalty to Nick Shore for Unsportsmanlike conduct.
17:20 of 3rd period - Marko Dano wins face-off versus Tyler Randell in Harfangs zone.
17:20 of 3rd period - Snap shot by Tye McGinn.
17:20 of 3rd period - Stopped by Ilya Sorokin with a rebound.
17:22 of 3rd period - Slapshot by Marcus Pettersson.
17:22 of 3rd period - Stopped by Ilya Sorokin without a rebound.
17:23 of 3rd period - Marko Dano wins face-off versus Tyler Randell in Harfangs zone.
17:24 of 3rd period - Snap shot by Tye McGinn.
17:24 of 3rd period - Deflect By Pavel Buchnevich.
17:24 of 3rd period - Goal by Pavel Buchnevich - Harfangs : 4 - Griffins : 9.
17:25 of 3rd period - Marko Dano wins face-off versus Tyler Brenner in neutral zone.
17:29 of 3rd period - Snap shot by Tye McGinn.
17:29 of 3rd period - Stopped by Ilya Sorokin with a rebound.
17:39 of 3rd period - Marko Dano is hit by Tyler Randell and loses puck.
17:58 of 3rd period - Off-side.
17:59 of 3rd period - Dylan Larkin wins face-off versus Calle Jarnkrok in neutral zone.
18:03 of 3rd period - Minor Penalty to Jake Dotchin for Hooking.
18:04 of 3rd period - Tyler Randell wins face-off versus Marko Dano in Harfangs zone.
19:38 of 3rd period - Marcus Pettersson is hit by Mark Alt and loses puck.
Goals for this period are 0 for Harfangs vs 4 for Griffins.
Shots for this period are 7 for Harfangs vs 11 for Griffins.
Back to the Top